 Dungeon Crawl Stone Soup version 0.17-a0-1310-gaf4f4d6 (webtiles) character file.

58631 Psiweapon the Sharpshooter (level 15, -8/95 HPs)
             Began as a Kobold Hunter on Apr 17, 2015.
             Was an Elder of Okawaru.
             Killed by divine providence
             ... invoked by an orc high priest
              (10 damage)
             ... on level 4 of the Orcish Mines on June 8, 2015.
             The game lasted 02:23:17 (24830 turns).

Psiweapon the Sharpshooter (Kobold Hunter)         Turns: 24830, Time: 02:23:18

Health: -8/95      AC: 12    Str: 13    XL:     15   Next: 30%
Magic:  0/29       EV: 42    Int: 18    God:    Okawaru [****..]
Gold:   1859       SH:  0    Dex: 32    Spells: 1 memorised, 12 levels left

rFire  . . .     SeeInvis .     a - +4 arbalest of Ytawnul {flame, rF- MR+ Int+9}
rCold  + + .     Clarity  .     R - +5 robe of Withuimu {Dex+2}
rNeg   . . .     SustAt   .     (shield restricted)
rPois  .         Gourm    .     S - +1 hat {rC+}
rElec  .         Spirit   +     x - +2 cloak "Giad" {rC+ Str+2 Dex-2}
rCorr  .         Warding  .     e - +0 pair of gloves
rMut   .         Stasis   .     (no boots)
MR     ++...                    l - amulet of guardian spirit
Stlth  ++++++++..               J - +4 ring of dexterity
                                m - ring of magical power

@: agile, heroism, very slightly contaminated, hasted, very quick, very
resistant to hostile enchantments, extraordinarily stealthy
A: carnivore 3, deformed body, fire resistance 1, spit poison 1
a: Spit Poison, Heroism, Renounce Religion


You were on level 4 of the Orcish Mines.
You worshipped Okawaru.
Okawaru was greatly pleased with you.
You were very full.

You visited 4 branches of the dungeon, and saw 22 of its levels.
You also visited: Ossuary and Ice Cave.

You collected 2079 gold pieces.
You spent 220 gold pieces at shops.

Inventory:

Hand weapons
 a - the +4 arbalest of Ytawnul (weapon) {flame, rF- MR+ Int+9}
   (Okawaru gifted it to you on level 6 of the Lair of Beasts)

   It causes projectiles fired from it to burn those they strike, causing extra
   injury to most foes and up to half again as much damage against particularly
   susceptible opponents.
   It affects your intelligence (+9).
   It makes you vulnerable to fire.
   It affects your resistance to hostile enchantments.
 b - a +1 dagger of electrocution
 c - a +3 war axe of venom
 Q - a +3 arbalest
Missiles
 u - 62 bolts (quivered)
 D - 7 bolts of flame
 I - a tomahawk of returning
 P - 42 poisoned bolts
Armour
 e - a +0 pair of gloves (worn)
 x - the +2 cloak "Giad" (worn) {rC+ Str+2 Dex-2}
   (You found it on level 1 of the Lair of Beasts)

   It affects your strength (+2).
   It affects your dexterity (-2).
   It protects you from cold.
 E - a +2 hat of intelligence
 R - the +5 robe of Withuimu (worn) {Dex+2}
   (You found it on level 8 of the Lair of Beasts)

   It affects your dexterity (+2).
 S - a +1 hat of cold resistance (worn)
Jewellery
 g - an uncursed ring of teleportation
 h - an uncursed ring of protection from cold
 l - an amulet of guardian spirit (around neck)
 m - a ring of magical power (left hand)
 r - an uncursed ring of see invisible
 F - an uncursed ring of protection from cold
 J - a +4 ring of dexterity (right hand)
 L - an uncursed ring of positive energy
Magical devices
 d - a wand of digging (8)
 i - a wand of slowing (18)
 k - a wand of teleportation (3)
 t - a wand of slowing (29)
 w - a wand of fire (0)
 O - a wand of confusion (20)
 T - a wand of random effects (19)
 U - a wand of cold (0)
Scrolls
 j - 7 scrolls of teleportation
 n - 4 scrolls of fog
 p - 3 scrolls of recharging
 s - a scroll of magic mapping
 C - 3 scrolls of blinking
 V - 5 scrolls of remove curse
 X - 3 scrolls of fear
Potions
 o - 3 potions of might
 q - 3 potions of cancellation
 v - 5 potions of restore abilities
 z - a potion of curing
 A - a potion of beneficial mutation {unknown}
 G - a potion of cure mutation {unknown}
 H - 3 potions of haste
 K - 3 potions of agility
 M - 2 potions of flight
 N - a potion of resistance {unknown}
 W - a potion of invisibility
 Y - 2 potions of brilliance
 Z - 5 potions of heal wounds
Comestibles
 f - 4 meat rations
 B - 5 beef jerkies


   Skills:
 + Level 11.4(16.4) Fighting
 + Level 3.6(8.6) Short Blades
 + Level 8.4(13.4) Axes
 + Level 17.8(22.8) Crossbows
 + Level 1.5(6.5) Throwing
 + Level 3.9(8.9) Armour
 + Level 13.1(18.1) Dodging
 + Level 8.3(13.3) Stealth
 + Level 0.3 Transmutations
 + Level 0.4 Earth Magic
 + Level 7.7 Invocations
 + Level 2.2 Evocations


You had 12 spell levels left.
You knew the following spells:

 Your Spells              Type           Power        Failure   Level  Hunger
a - Stoneskin             Trmt/Erth      #.......     34%         2    ###....


Dungeon Overview and Level Annotations

Branches:
Dungeon (9/15)             Temple (1/1) D:6            Lair (8/8) D:9
 Shoals (0/5) Lair:4       Spider (0/5) Lair:4        Slime (0/6) Lair:7
    Orc (4/4) D:9
    Elf: Orc:3-4

Altars:
Ashenzari
Cheibriados
Dithmenos
Elyvilon
Fedhas
Nemelex Xobeh
Okawaru
Qazlal
Ru
Sif Muna
Vehumet
Xom
Jiyva

Shops:
D:5 *   D:8 %   D:9 (

Annotations:
Lair:7 1 runed door
Lair:8 exclusion: door


Innate Abilities, Weirdness & Mutations

You are small and have problems with some larger weapons.
You are carnivorous and can eat meat at any time.
Armour fits poorly on your strangely shaped body.
Your flesh is heat resistant.
You can spit weak poison.


Message History

You shoot a steel bolt. The steel bolt hits the orc knight!
The orc knight is almost dead.
The orc knight hits you with a battleaxe.
* * * LOW HITPOINT WARNING * * *
Firing (i - inventory. (,) - cycle):
u - 64 bolts (quivered)
Press: ? - help, Shift-Dir - straight line, f - orc knight
Aim: an orc knight, wielding a battleaxe and wearing a plate armour (almost dead)
You shoot a bolt. The bolt hits the orc knight!
The bolt burns the orc knight.
The orc knight is almost dead.
An orc warrior comes into view. It is wielding a scimitar.
Firing (i - inventory. (,) - cycle):
u - 63 bolts (quivered)
Press: ? - help, Shift-Dir - straight line, f - orc knight
Aim: an orc knight, wielding a battleaxe and wearing a plate armour (almost dead)
You shoot a bolt. The bolt hits the orc knight!!
The bolt burns the orc knight.
You kill the orc knight!
Okawaru accepts your kill.
You hear a shout!
The orc high priest invokes the aid of Beogh against you.
Something smites you!
You die...

##### #... #... #..#
#..# #..# ###### #..#
######.##.###..###o##oo
##.#.#......#...@)Too4oo
#...............###o##oo
#...............#
................#
........#.......#
................#
................#
.................
............#.....


You could see an orc knight, an orc high priest, a troll, a blue devil, 5 orc
warriors and 3 orcs.

Vanquished Creatures
  3 dire elephants (Lair:8)
  Snorg (Lair:5)
  The ghost of namelastname112 the Thaumaturge, a powerful DrCj of Vehumet (Lair:4)
  A catoblepas (Lair:6)
  9 hydras
  The ghost of Zwobot the Martial Artist, a powerful DsMo of Makhleb (IceCv)
  Urug (Lair:3)
  2 fire crabs (Lair:8)
  An ice statue (IceCv)
  Pikel (D:8)
  6 orc knights
  A necromancer (IceCv)
  An orc sorcerer (Orc:2)
  A wizard (Lair:8)
  4 griffons
  13 spiny frogs
  A torpor snail (Lair:8)
  13 elephants
  4 komodo dragons
  2 black mambas
  4 fire drakes
  10 freezing wraiths (IceCv)
  A polar bear (Lair:5)
  4 trolls
  21 blink frogs
  A boulder beetle (Lair:6)
  A spriggan (D:7)
  2 basilisks
  A wyvern (D:8)
  A deep elf mage (D:9)
  8 hippogriffs
  3 hungry ghosts
  13 yaks
  A death yak simulacrum (IceCv)
  5 wargs
  22 water moccasins
  12 wolves
  9 orc warriors
  11 porcupines
  A slave (D:8)
  A necrophage (D:7)
  8 spiders (Lair:4)
  6 ice beasts (IceCv)
  8 ogres
  2 sky beasts
  A phantom (D:7)
  19 crocodiles
  A removed MONS_BORING_BEETLE (Lair:8)
  3 centaurs
  An elf zombie (Ossuary)
  15 giant frogs
  2 jellies (D:9)
  2 scorpions
  11 wights
  5 electric eels (D:9)
  A beetle (D:8)
  A giant frog zombie (D:6)
  17 orc priests
  5 draconian simulacra (IceCv)
  5 hounds
  A giant frog skeleton (D:5)
  Ijyb (D:2)
  11 iguanas
  A centaur skeleton (D:8)
  A gnoll shaman (D:6)
  2 spriggan simulacra (IceCv)
  4 hell rats (Lair:1)
  17 orc wizards
  A polar bear simulacrum (IceCv)
  15 sheep
  3 centaur simulacra (IceCv)
  3 worker ants
  3 troll simulacra (IceCv)
  A big kobold zombie (Ossuary)
  2 wolf simulacra (IceCv)
  A hound zombie (Ossuary)
  2 hound skeletons (D:8)
  4 mummies (Ossuary)
  2 worker ant zombies
  Robin (D:2)
  2 ogre simulacra (IceCv)
  14 adders
  5 naga simulacra (IceCv)
  9 gnolls
  74 river rats
  A shadow imp (D:9)
  12 white imps (IceCv)
  4 oozes
  6 worms
  96 orcs
  13 bats
  4 bat skeletons
  A bat zombie (D:7)
  6 giant cockroaches
  3 gnoll zombies (Ossuary)
  30 goblins
  20 hobgoblins
  17 jackals
  9 kobolds
  3 quokkas
  3 ball pythons
  A giant gecko (D:8)
  2 giant gecko skeletons
  6 giant newts
  2 goblin zombies (Ossuary)
  A hobgoblin zombie (Ossuary)
  A jackal skeleton (D:4)
  3 kobold zombies
  9 rats
  2 rat zombies
  7 fungi
  3 plants
757 creatures vanquished.

Vanquished Creatures (others)
  A spiny frog (Lair:8)
  A slave (D:8)
  An adder (D:8)
  18 fungi (Lair:8)
21 creatures vanquished.

Grand Total: 778 creatures vanquished

Notes
Turn   | Place    | Note
--------------------------------------------------------------
     0 | D:1      | Psiweapon, the Kobold Hunter, began the quest for the Orb.
     0 | D:1      | Reached XP level 1. HP: 12/12 MP: 1/1
    29 | D:1      | Reached skill level 5 in Crossbows
   199 | D:1      | Reached XP level 2. HP: 15/17 MP: 2/2
   402 | D:1      | Reached XP level 3. HP: 17/22 MP: 3/3
   987 | D:2      | Reached XP level 4. HP: 23/27 MP: 4/4
  1187 | D:2      | Noticed Robin
  1207 | D:2      | Killed Robin
  1207 | D:2      | Reached skill level 1 in Armour
  1207 | D:2      | Reached XP level 5. HP: 22/31 MP: 5/5
  1550 | D:2      | Noticed Ijyb
  1575 | D:2      | Killed Ijyb
  1575 | D:2      | Reached skill level 1 in Axes
  1770 | D:2      | Found a deep blue altar of Sif Muna.
  1824 | D:2      | Found a sacrificial altar of Ru.
  1925 | D:3      | Found a shadowy altar of Dithmenos.
  2192 | D:3      | Reached XP level 6. HP: 36/36 MP: 6/6
  2336 | D:3      | Found a shadowy altar of Dithmenos.
  2657 | D:4      | Found a shattered altar of Ashenzari.
  3026 | D:4      | Reached skill level 1 in Short Blades
  3520 | D:5      | Entered Level 5 of the Dungeon
  3562 | D:5      | Noticed a sky beast
  3572 | D:5      | Killed a sky beast
  3572 | D:5      | Reached skill level 6 in Crossbows
  3572 | D:5      | Reached XP level 7. HP: 41/41 MP: 7/7
  3576 | D:5      | Gained mutation: Armour fits poorly on your strangely shaped body. [mutagenic meat]
  3577 | D:5      | Gained mutation: Your flesh is heat resistant. [mutagenic meat]
  3579 | D:5      | Gained mutation: You can spit weak poison. [mutagenic meat]
  3616 | D:5      | Found Maefan's Assorted Antiques.
  3634 | D:5      | Bought 2 emerald potions for 48 gold pieces
  3634 | D:5      | Bought a glowing war axe for 94 gold pieces
  3634 | D:5      | Bought a scroll labeled ECRUXE UMIHUSM for 27 gold pieces
  3634 | D:5      | Bought a scroll labeled TAF JUERIE for 27 gold pieces
  3634 | D:5      | Bought an orange potion for 24 gold pieces
  3862 | D:5      | Reached skill level 5 in Dodging
  4666 | D:6      | Reached XP level 8. HP: 46/48 MP: 8/8
  4802 | D:6      | Reached skill level 7 in Crossbows
  4842 | D:6      | Reached skill level 1 in Throwing
  4892 | D:6      | Found a staircase to the Ecumenical Temple.
  4908 | Temple   | Entered the Ecumenical Temple
  4916 | Temple   | Became a worshipper of Warmaster Okawaru
  4964 | D:6      | Reached skill level 5 in Stealth
  5222 | D:7      | Found a stormy altar of Qazlal.
  5273 | D:7      | Reached skill level 8 in Crossbows
  5273 | D:7      | Reached skill level 1 in Invocations
  5478 | D:7      | Reached XP level 9. HP: 13/52 MP: 5/11
  5509 | D:7      | HP: 2/52 [poisoned by a water moccasin]
  6209 | D:7      | Acquired Okawaru's first power
  6209 | D:7      | Reached skill level 9 in Crossbows
  6266 | D:7      | Found a white marble altar of Elyvilon.
  6343 | D:7      | Reached skill level 5 in Invocations
  6440 | D:7      | Noticed a spriggan baker
  6447 | D:7      | Killed a spriggan baker
  6557 | D:7      | Reached skill level 10 in Crossbows
  6952 | D:8      | Found Sonyosu's Food Boutique.
  6989 | D:8      | Found a sand-covered staircase.
  7016 | Ossuary  | Entered an ossuary
  7278 | D:8      | Reached XP level 10. HP: 58/58 MP: 14/14
  7288 | D:8      | Found a sparkling altar of Nemelex Xobeh.
  7476 | D:8      | Reached skill level 5 in Fighting
  7495 | D:8      | Got a brightly glowing leather armour
  7506 | D:8      | Identified the cursed +0 leather armour of Hangman {rN+ MR+ Int+5} (You found it on level 8 of the Dungeon)
  7520 | D:8      | Noticed Pikel
  7536 | D:8      | Killed Pikel
  7536 | D:8      | Reached skill level 11 in Crossbows
  7686 | D:8      | Found a snail-covered altar of Cheibriados.
  7741 | D:8      | Found a snail-covered altar of Cheibriados.
  7934 | D:6      | Found a shattered altar of Ashenzari.
  8638 | D:9      | Received a gift from Okawaru
  8638 | D:9      | Reached skill level 12 in Crossbows
  8949 | D:9      | Found a staircase to the Lair.
  9377 | D:9      | Found a staircase to the Orcish Mines.
  9612 | D:9      | Found Lawkysai's Antique Weapon Emporium.
  9619 | D:9      | Received a gift from Okawaru
  9619 | D:9      | Reached XP level 11. HP: 67/67 MP: 15/15
  9816 | Lair:1   | Entered Level 1 of the Lair of Beasts
 10028 | Lair:1   | Got a pitted cloak
 10034 | Lair:1   | Identified the +2 cloak "Giad" {rC+ Str+2 Dex-2} (You found it on level 1 of the Lair of Beasts)
 10087 | Lair:1   | Reached skill level 13 in Crossbows
 10272 | Lair:1   | Received a gift from Okawaru
 11043 | Lair:2   | Got a twitching jade ring
 11045 | Lair:2   | Identified the ring "Mojybod" {Fire Contam Str+5 Int+3} (You found it on level 2 of the Lair of Beasts)
 11370 | Lair:2   | Received a gift from Okawaru
 11914 | Lair:2   | Noticed Urug
 11962 | Lair:2   | Reached skill level 5 in Axes
 11962 | Lair:2   | Reached XP level 12. HP: 39/75 MP: 12/16
 11993 | Lair:2   | Received a gift from Okawaru
 12857 | Lair:3   | Received a gift from Okawaru
 12857 | Lair:3   | Reached skill level 14 in Crossbows
 12888 | Lair:3   | HP: 3/76 [poisoned by a spiny frog]
 13559 | Lair:3   | Killed Urug
 13559 | Lair:3   | Acquired Okawaru's second power
 13577 | Lair:3   | Noticed a four-headed hydra
 13584 | Lair:3   | Killed a four-headed hydra
 14244 | Lair:4   | Upgraded the game from 0.17-a0-633-gcf22183 to 0.17-a0-737-gf0a300a
 14465 | Lair:4   | Got a crude plate armour
 14466 | Lair:4   | Noticed namelastname112's ghost (powerful DrCj)
 14486 | Lair:4   | Found a staircase to the Shoals.
 14543 | Lair:5   | Reached skill level 15 in Crossbows
 14637 | Lair:5   | Received a gift from Okawaru
 14649 | Lair:5   | Got a pair of ichor-stained gloves {god gift}
 14655 | Lair:5   | Identified the -6 pair of gloves of the Bard {Str+2} (Okawaru gifted it to you on level 5 of the Lair of Beasts)
 15011 | Lair:4   | Killed namelastname112's ghost
 15011 | Lair:4   | Reached XP level 13. HP: 46/81 MP: 15/17
 15205 | Lair:4   | Noticed an eight-headed hydra
 15218 | Lair:4   | Killed an eight-headed hydra
 15250 | Lair:4   | Reached skill level 10 in Dodging
 16072 | Lair:5   | Noticed Snorg
 16091 | Lair:5   | Killed Snorg
 16091 | Lair:5   | Reached skill level 1 in Evocations
 16184 | Lair:5   | Reached skill level 10 in Fighting
 16610 | Lair:5   | Noticed a four-headed hydra
 16616 | Lair:5   | Killed a four-headed hydra
 16692 | Lair:5   | Noticed a seven-headed hydra
 17361 | Lair:6   | Killed a seven-headed hydra
 17361 | Lair:6   | Received a gift from Okawaru
 17367 | Lair:6   | Got a crystal arbalest {god gift}
 17368 | Lair:6   | Identified the +4 arbalest of Ytawnul {flame, rF- MR+ Int+9} (Okawaru gifted it to you on level 6 of the Lair of Beasts)
 17374 | Lair:6   | Learned a level 2 spell: Stoneskin
 17563 | Lair:1   | Identified the +8 plate armour of Ukajuc {MP+9} (You found it on level 4 of the Lair of Beasts)
 18227 | Lair:7   | Found a runed door.
 18804 | Lair:7   | Found a viscous altar of Jiyva.
 18807 | Lair:7   | Found a staircase to the Slime Pits.
 18829 | Lair:7   | Reached skill level 16 in Crossbows
 19068 | Lair:7   | Reached XP level 14. HP: 60/88 MP: 18/19
 19422 | Lair:8   | Entered Level 8 of the Lair of Beasts
 19436 | Lair:8   | Received a gift from Okawaru
 19711 | Lair:8   | Got a brightly glowing robe
 19722 | Lair:8   | Identified the +5 robe of Withuimu {Dex+2} (You found it on level 8 of the Lair of Beasts)
 20068 | Lair:8   | Received a gift from Okawaru
 20323 | Lair:8   | Reached skill level 17 in Crossbows
 20608 | Lair:8   | Upgraded the game from 0.17-a0-737-gf0a300a to 0.17-a0-1210-g1e4f09d
 21336 | Lair:4   | Found a hole to the Spider Nest.
 21588 | Orc:1    | Entered Level 1 of the Orcish Mines
 21590 | Orc:1    | Found a frozen archway.
 21628 | IceCv    | Entered an ice cave
 21735 | IceCv    | Noticed Zwobot's ghost (powerful DsMo)
 21807 | IceCv    | Killed Zwobot's ghost
 22332 | IceCv    | Found an ancient bone altar of Kikubaaqudgha.
 22343 | IceCv    | Reached XP level 15. HP: 87/95 MP: 20/20
 24751 | Orc:3    | Upgraded the game from 0.17-a0-1210-g1e4f09d to 0.17-a0-1310-gaf4f4d6
 24754 | Orc:4    | Entered Level 4 of the Orcish Mines
 24789 | Orc:4    | Received a gift from Okawaru
 24825 | Orc:4    | HP: 3/95 [orc high priest/divine providence (8)]
 24828 | Orc:4    | HP: 1/95 [orc knight/battleaxe (2)]
 24830 | Orc:4    | Killed from afar by an orc high priest

Vault maps used:
D:1:      minmay_arrival_open_corners
D:2:      lemuel_blue_sif_altar, nicolae_ru_awakened_eye, glass_columns_c,
          uniq_robin, uniq_iyjb
D:3:      nicolae_overflow_crystal_walls, serial_curves, eino_curves_04,
          eino_curves_02, eino_curves_04, eino_curves_01, first_bread,
          grunt_dithmenos_smoke
D:4:      lemuel_coloured_pillars_altar
D:5:      serial_shops, shop
D:6:      erik_ogre, temple_green, evilmike_ruin_ashenzari
D:7:      nicolae_overflow_hidden_temple, the_bakery, grunt_qazlal_clouds
D:8:      nemelex_deck, beetle_altar_2, enter_ossuary_3, serial_shops,
          nicolae_shop_statue_plus, basic_altar, uniq_pikel
D:9:      erik_lair_island, orc_0_dummy, serial_shops, kennysheep_mini_moat
Temple:   triangle_lava_temple_12
Lair:1:   infiniplex_staircase_pool_2
Lair:2:   uniq_urug
Lair:3:   st_stairs_7, bh_autumn_forest_stairs
Lair:4:   shoals_dummy_entry, spider_nest_entry_a, st_stairs_5
Lair:5:   uniq_snorg
Lair:6:   grunt_megastairs_2
Lair:7:   slime_altar_2
Lair:8:   evil_forest
Orc:1:    nicolae_orc_accident_1, portal_ice_cave_entry_pillars_01
Orc:2:    serial_shops, shop, okawaru_metal_pillars_1_2
Orc:3:    nicolae_orc_pool_cavern
Orc:4:    st_orc_town, basic_altar, serial_shops, shop
Ossuary:  ossuary_minmay_tomb_2a
IceCv:    ice_cave_small_necro

Action                   |  1- 3 |  4- 6 |  7- 9 | 10-12 | 13-15 || total
-------------------------+-------+-------+-------+-------+-------++-------
Melee: Hand axe          |    74 |    56 |       |       |       ||   130
       Short sword       |     1 |     3 |       |       |       ||     4
       Dagger            |       |   132 |   124 |    94 |   144 ||   494
       War axe           |       |       |   124 |   320 |   535 ||   979
 Fire: Hand crossbow     |     7 |    25 |    55 |       |       ||    87
       Arbalest          |       |       |    67 |   293 |   485 ||   845
Throw: Tomahawk          |       |       |     2 |     1 |     7 ||    10
 Cast: Stoneskin         |       |       |       |       |     2 ||     2
Invok: Heroism           |       |       |     2 |    12 |    17 ||    31
       Finesse           |       |       |       |     1 |     2 ||     3
 Abil: Spit Poison       |       |       |     1 |     1 |     1 ||     3
Evoke: Wand              |       |       |       |     9 |    14 ||    23
  Use: Scroll            |       |       |    15 |    11 |     5 ||    31
       Potion            |       |       |     3 |     8 |     5 ||    16
 Stab: Sleeping          |     3 |     8 |     6 |    10 |    19 ||    46
       Distracted        |       |       |       |     1 |       ||     1
       Confused          |       |       |       |     1 |       ||     1
  Eat: Chunk             |     8 |     7 |    22 |    37 |    33 ||   107
       Royal jelly       |       |       |       |     1 |       ||     1
       Pizza             |       |       |       |     1 |       ||     1
